Map: 乌雷纳

Players

BritishBombr - Winner!

  • Race: Terran Terran
  • League: Silver

shengy

  • Race: Zerg Zerg
  • League: Gold

VOD

Have the link to the VOD?

Description

Time

  • Played on: Nov. 24, 2015, 10:36 p.m.
  • Length: 3:58
Show
View Real Time Build Order
Export as new Build Order

BritishBombr Terran - Winner!

Build Orders:  

Get SALT Encoding   

  12  0:01  SCV  
  13  0:13  SCV  
  14  0:18  Supply Depot  
  14  0:25  SCV  
  15  0:40  SCV  
  15  0:41  Barracks  
  16  0:48  Refinery  
  16  0:52  SCV  
  17  1:04  SCV  
  18  1:17  SCV  
  19  1:29  Barracks  
  19  1:32  Bunker  
  19  1:39  Marine  
  20  1:41  Supply Depot  
  20  2:19  Orbital Command  
  20  2:20  Marine  
  21  2:29  Factory  
  21  2:35  Marine  
  22  2:40  Marine  
  23  2:49  Command Center  
  23  2:52  SCV  
  24  3:00  Marine  
  24  3:02  Marine  
  24  3:04  SCV  
  27  3:18  Starport  
  27  3:22  Factory Reactor, SCV  
  27  3:23  Marine x2  
  30  3:34  SCV  
  31  3:51  Barracks  
Show
View Real Time Build Order
Export as new Build Order

shengy Zerg 

Build Orders: Pool First 

Get SALT Encoding   

  12  0:01  Drone  
  13  0:31  Spawning Pool  
  13  0:33  Drone  
  13  0:34  Drone  
  14  0:37  Overlord  
  15  1:18  Zergling x6  
  15  1:22  Extractor  
  16  1:29  Drone  
  17  1:36  Hatchery  
  16  1:48  Zergling x2  
  18  1:54  Drone  
  18  2:12  Drone x2  
  20  2:18  Queen  
  22  2:22  Overlord  
  22  2:29  Metabolic Boost  
  22  2:50  Queen  
  24  2:53  Overlord  
  24  2:54  Drone x2  
  26  3:05  Baneling Nest  
  26  3:07  Zergling x6  
  28  3:18  Drone  
  29  3:22  Zergling x4  
Tags
 
Add a new tag
Caveats
  • Supply blocks, unpowered buildings, or Contaminate may cause inaccurate times.
  • Supply counts are checked every 10 seconds.